 Dungeon Crawl Stone Soup version 0.21-a0-450-gd87a9b2 (webtiles) character file.

301 JackS81 the Insei (level 6, -1/30 HPs)
             Began as a Vine Stalker Transmuter on Nov 19, 2017.
             Slain by a bullfrog (2 damage)
             ... in a sewer.
             The game lasted 00:17:14 (3054 turns).

JackS81 the Insei (Vine Stalker Transmuter)         Turns: 3054, Time: 00:17:15

Health: -1/30      AC:  3    Str: 13    XL:     6   Next: 37%
Magic:  0/10       EV: 12    Int: 15    God:
Gold:   153        SH:  0    Dex: 14    Spells: 4/10 levels left

rFire    . . .     SeeInvis .     - Unarmed
rCold    . . .     Gourm    .   (no shield)
rNeg     . . .     Faith    .   b - +0 robe
rPois    .         Spirit   +   (no helmet)
rElec    .         Reflect  .   l - +0 cloak
rCorr    .         Harm     .   (no gloves)
MR       .....                  (no boots)
Stlth    ++........             (no amulet)
HPRegen  0.50/turn              (no ring)
MPRegen  0.12/turn              (no ring)

@: appendage, very slightly contaminated, hasted, very quick
A: fangs 2, horns 2, regeneration 1, magic shield, antimagic bite, no potion
heal 3, rot immunity
a: End Transformation


You were in a sewer.
You were very hungry.
You had grown temporary horns.
You visited 1 branch of the dungeon, and saw 3 of its levels.
You also visited: Sewer.

You collected 153 gold pieces.

Inventory:

Hand Weapons
 r - a +6 club
Missiles
 a - 64 arrows
 o - 124 stones
 q - 11 poisoned needles
 t - 2 tomahawks (quivered)
Armour
 b - a +0 robe (worn)
 l - a +0 cloak (worn)
Scrolls
 f - a scroll of enchant armour {unknown}
 h - 5 scrolls of teleportation {unknown}
 i - 2 scrolls of identify {unknown}
 j - a scroll of fear {unknown}
 k - 3 scrolls of remove curse {unknown}
Potions
 m - a potion of mutation {unknown}
 n - a potion of heal wounds {unknown}
 v - a potion of magic {unknown}
Books
 c - a book of Changes

   Spells                             Type                      Level
   a - Beastly Appendage              Transmutation                1
   b - Sticks to Snakes               Transmutation                2
   c - Spider Form                    Transmutation/Poison         3
   d - Ice Form                       Ice/Transmutation            4
   e - Blade Hands                    Transmutation                5
Comestibles
 d - 3 bread rations
 g - a royal jelly
 p - 2 meat rations
 s - 7 chunks of flesh
 u - 4 fruits


   Skills:
 - Level 1.0 Fighting
 * Level 0.9 Throwing
 * Level 2.2 Dodging
 - Level 1.0 Stealth
 * Level 4.4 Unarmed Combat
 * Level 2.6 Spellcasting
 * Level 4.3 Transmutations
 - Level 1.0 Poison Magic


You had 4 spell levels left.
You knew the following spells:

 Your Spells              Type           Power        Failure   Level  Hunger
a - Beastly Appendage     Tmut           ###...       3%          1    #......
b - Spider Form           Tmut/Pois      ##........   21%         3    ###....
c - Sticks to Snakes      Tmut           ###.....     5%          2    ###....


Dungeon Overview and Level Annotations

Branches:
Dungeon (3/15)

Altars:
Hepliaklqana

Annotations:
D:3 Natasha


Innate Abilities, Weirdness & Mutations

You have extremely sharp teeth.
Your natural rate of healing is unusually fast.
When hurt, damage is shared between your health and your magic reserves.
Your bite disrupts and absorbs the magic of your enemies.
Potions cannot restore your health.
You are immune to rotting.
You have a pair of horns on your head.


Message History

The adder bites you but does no damage.
Your adder bites the adder.
The bullfrog barely misses you. The adder closely misses your adder.
Casting: Sticks to Snakes
Confirm with . or Enter, or press ? or * to list all spells.
You grow a pair of large bovine horns.
Your adder misses the adder. The bullfrog barely misses you.
The adder closely misses your adder.
Your adder completely misses the adder.
You are feeling very hungry.
You barely miss the adder. You bite the adder, but do no damage.
The adder is almost dead.
You kill the adder!
The bullfrog closely misses you.
Your adder closely misses the bullfrog.
The bullfrog misses you. The bullfrog hits you.
You closely miss the bullfrog. The bullfrog hits you!
Your adder misses the bullfrog. The bullfrog hits you!
* * * LOW HITPOINT WARNING * * *
It was a potion of haste.
You feel yourself speed up. The bullfrog hits you!
* * * LOW HITPOINT WARNING * * *
The bullfrog hits you.
You die...

#############
#####.≈≈÷≈≈.≈≈≈≈#
###.∩..≈..÷≈≈≈..≈≈#
#≈÷..≈#########≈≈≈#
∩≈≈####≈≈.≈≈≈≈.≈≈.####
####.≈≈≈#####.≈≈≈.#≈≈##
#≈≈.≈≈≈≈#.∩.#######≈≈≈####
≈≈≈≈≈####≈≈≈.≈≈..#≈≈≈†≈≈≈##
≈.≈###≈≈≈≈.≈.≈.S@##≈≈#≈≈≈≈##
.≈##≈≈≈.÷#######FF#≈≈##≈≈≈≈#
≈##≈≈≈≈###≈≈≈≈≈#lJ##≈≈##≈≈≈##
≈#≈≈≈≈## ≈≈≈≈≈≈≈.≈≈#.≈≈#≈≈≈≈#
##≈.≈## ≈≈.≈≈≈†≈≈≈#≈≈≈##≈.≈##
#≈≈≈≈# ≈≈≈≈J!≈≈≈≈#.≈≈≈#≈≈..#
#≈≈†≈# ≈≈≈l??$..≈#≈≈≈≈#≈..∩#
#≈.≈≈# ≈≈..!...≈≈#≈≈..#..≈.#
##≈≈≈## ≈≈≈≈..≈≈≈##÷≈.##††≈##


You could see 2 bullfrogs, an ooze, a leopard gecko and a friendly adder.

Vanquished Creatures
  An orc priest (D:3)
  Jessica (D:2)
  3 gnolls (D:3)
  5 adders
  A river rat (D:3)
  8 oozes
  2 worms (D:2)
  A dart slug (D:1)
  14 leopard geckos (Sewer)
  4 orcs (D:3)
  13 giant cockroaches
  5 hobgoblins
  10 ball pythons (Sewer)
  8 bats
  7 frilled lizards
  15 goblins
  4 kobolds
  7 rats
109 creatures vanquished.

Vanquished Creatures (collateral kills)
  2 giant cockroaches (Sewer)
  A frilled lizard (Sewer)
3 creatures vanquished.

Vanquished Creatures (others)
  4 toadstools (D:1)
4 creatures vanquished.

Grand Total: 116 creatures vanquished

Notes
Turn   | Place    | Note
-------+----------+-------------------------------------------
     0 | D:1      | JackS81 the Vine Stalker Transmuter began the quest for the Orb.
     0 | D:1      | Reached XP level 1. HP: 9/9 MP: 4/4
   260 | D:1      | Reached XP level 2. HP: 13/14 MP: 4/6
   817 | D:1      | Reached XP level 3. HP: 16/17 MP: 5/7
  1264 | D:2      | Learned a level 3 spell: Spider Form
  1719 | D:2      | Gained mutation: Your natural rate of healing is unusually fast. [Vine Stalker growth]
  1719 | D:2      | Reached XP level 4. HP: 21/21 MP: 8/8
  1765 | D:2      | Learned a level 2 spell: Sticks to Snakes
  2025 | D:2      | Noticed Jessica
  2048 | D:2      | Killed Jessica
  2048 | D:2      | Reached skill level 1 in Poison Magic
  2048 | D:2      | Reached XP level 5. HP: 14/25 MP: 1/9
  2248 | D:3      | Reached skill level 1 in Fighting
  2346 | D:3      | Found a hazy altar of Hepliaklqana.
  2561 | D:3      | Found a glowing drain.
  2563 | D:3      | Noticed Natasha
  2570 | Sewer    | Entered a sewer
  2799 | Sewer    | Reached XP level 6. HP: 29/30 MP: 10/10
  2928 | Sewer    | Reached skill level 1 in Stealth
  3054 | Sewer    | HP: 1/30 [bullfrog (8)]
  3054 | Sewer    | Slain by a bullfrog

Vault maps used:
D:1:      ldierk_walled_garden_2, minmay_misc_feat_tiny, minmay_octomino_e4
D:2:      uniq_jessica
D:3:      old_standard_altar, portal_sewer_entry_b, uniq_natasha
Sewer:    sewer_frog_island_02

Skill      XL: |  1  2  3  4  5  6 |
---------------+-------------------+-----
Unarmed Combat | 4 |  4.4
Transmutations | 3 4 |  4.3
Poison Magic   | 1 |  1.0
Fighting       | 1 |  1.0
Dodging        | 2 |  2.2
Stealth        | 1 |  1.0
Throwing       | |  0.9
Spellcasting   | |  2.6

Action                   |  1- 3 |  4- 6 || total
-------------------------+-------+-------++-------
Melee: Unarmed           |   109 |   170 ||   279
       Kick              |    16 |    15 ||    31
       Bite              |    17 |    22 ||    39
       Punch             |     2 |     2 ||     4
       Headbutt          |     7 |     6 ||    13
Throw: Tomahawk          |       |     2 ||     2
 Cast: Beastly Appendage |    22 |    25 ||    47
       Spider Form       |       |     9 ||     9
       Sticks to Snakes  |       |     4 ||     4
  Use: Potion            |       |     1 ||     1
  Eat: Chunk             |     3 |     6 ||     9
Armor: Robe              |    18 |    24 ||    42
       Skin              |       |     4 ||     4
Dodge: Dodged            |    63 |   153 ||   216

Table legend:
 A = Spawn XP
 B = Non-spawn XP
 C = Spawn XP percentage of total XP
 D = Spawn monster count
 E = Non-spawn monster count
 F = Spawn count percentage of total count
 G = Total turns spent on level
                    A         B        C        D         E        F      G
               +---------+---------+-------+---------+---------+-------+---------
         Total |       0 |     430 |   0.0 |       0 |     112 |   0.0 |  3054
               +---------+---------+-------+---------+---------+-------+---------
           D:1 |       0 |      38 |   0.0 |       0 |      22 |   0.0 |  1046
           D:2 |       0 |     127 |   0.0 |       0 |      26 |   0.0 |  1171
           D:3 |       0 |     127 |   0.0 |       0 |      15 |   0.0 |   353
         Sewer |       0 |     138 |   0.0 |       0 |      49 |   0.0 |   484
               +---------+---------+-------+---------+---------+-------+---------
